 Dungeon Crawl Stone Soup version 0.21.1-1-g345015fe64 (webtiles) character file.

46 Fascinator the Ruffian (level 3, 0/28 HPs)
             Began as a Draconian Transmuter on July 6, 2018.
             Slain by a gnoll
             ... wielding a cursed +0 halberd
              (9 damage)
             ... on level 1 of the Dungeon.
             The game lasted 00:02:53 (1622 turns).

Fascinator the Ruffian (Draconian Transmuter)       Turns: 1622, Time: 00:02:53

Health: 0/28       AC:  5    Str: 13    XL:     3   Next: 46%
Magic:  5/6        EV: 12    Int: 13    God:
Gold:   75         SH:  0    Dex: 11    Spells: 5/6 levels left

rFire    . . .     SeeInvis .     - Unarmed
rCold    . . .     Gourm    .   (no shield)
rNeg     . . .     Faith    .   (armour unavailable)
rPois    .         Spirit   .   (helmet restricted)
rElec    .         Reflect  .   (no cloak)
rCorr    .         Harm     .   (no gloves)
MR       +....                  (no boots)
Stlth    +.........             (no amulet)
HPRegen  0.09/turn              g - ring of protection from magic
MPRegen  0.10/turn              (no ring)

@: appendage (expiring)
A: unfitting armour, horns 2, cold-blooded, AC +5
a: End Transformation


You were on level 1 of the Dungeon.
You were very hungry.
You had grown temporary horns.
You visited 1 branch of the dungeon, and saw 2 of its levels.

You collected 75 gold pieces.

Inventory:

Missiles
 a - 46 arrows
Jewellery
 g - a ring of protection from magic (left hand)
Scrolls
 d - a scroll of teleportation {unknown}
 e - 2 scrolls of identify {unknown}
 f - a scroll of enchant armour {unknown}
 j - a scroll of noise {unknown}
Potions
 h - a potion of might {unknown}
 i - 2 potions of resistance {unknown}
 k - a potion of haste {unknown}
 l - a potion of curing {unknown}
 m - a potion of agility {unknown}
Books
 b - a book of Changes

   Spells                             Type                      Level
   a - Beastly Appendage              Transmutation                1
   b - Sticks to Snakes               Transmutation                2
   c - Spider Form                    Transmutation/Poison         3
   d - Ice Form                       Ice/Transmutation            4
   e - Blade Hands                    Transmutation                5
Comestibles
 c - 3 rations


   Skills:
 + Level 1.1 Fighting
 + Level 2.0 Dodging
 + Level 0.2 Stealth
 + Level 3.9 Unarmed Combat
 + Level 2.3 Spellcasting
 + Level 2.3 Transmutations


You had 5 spell levels left.
You knew the following spells:

 Your Spells              Type           Power        Failure   Level  Hunger
a - Beastly Appendage     Tmut           #.....       10%         1    #......


Dungeon Overview and Level Annotations

Branches:
Dungeon (2/15)

Altars:
Nemelex Xobeh


Innate Abilities, Weirdness & Mutations

Your plain brown scales are hard. (AC +5)
You cannot fit into any form of body armour.
You are cold-blooded and may be slowed by cold attacks.
You have a pair of horns on your head.


Message History

Casting: Beastly Appendage
Confirm with . or Enter, or press ? or * to list all spells.
You grow a pair of large bovine horns.
You climb downwards.
The gnoll misses you.
There is a stone staircase leading up here.
You hit the gnoll. Your punch misses the gnoll.
The gnoll is moderately wounded.
The gnoll hits you with a halberd!
You closely miss the gnoll. Your headbutt misses the gnoll.
The gnoll is moderately wounded.
The gnoll hits you with a halberd!
You are too injured to fight recklessly!
The gnoll barely misses you.
You climb upwards.
There is a stone staircase leading down here.
You hit the gnoll.
Your tail-slap misses the gnoll.
The gnoll is heavily wounded.
Your transformation is almost over.
The gnoll hits you with a halberd!
You die...

.###.##...# #.†...##.####
..........# ####.....##.#######
..##.###.## #.........†.......#
...#.# #.# #.##..#####.#####.#
...#.# #.# #..#..............#
...#.# #.# ##..#..#####.#####.#
...#(# #.# #......#####.#####.###
.....###.###...g................)
................@..####.#.....###
.........###..##..............#
...####.......##...####.#.###.#
#..# #.#####.##...####.#.# #.#
#..# #.# #..#........#.# #.# #..#
#.# ##.#...####.#.# #.# #..####.#
#.....# #.#.# #.# ........##
##....# #.#.# #.# #........#
#....# #.#.# #.#


You could see a gnoll.

Vanquished Creatures
  An adder (D:2)
  A dart slug (D:1)
  2 leopard geckos (D:1)
  4 bats
  3 giant cockroaches (D:1)
  2 goblins (D:2)
  7 hobgoblins
  A ball python (D:1)
  2 frilled lizards (D:1)
  4 kobolds
  4 rats (D:1)
31 creatures vanquished.

Notes
Turn   | Place    | Note
-------+----------+-------------------------------------------
     0 | D:1      | Fascinator the Draconian Transmuter began the quest for the Orb.
     0 | D:1      | Reached XP level 1. HP: 16/16 MP: 3/3
   169 | D:1      | Reached XP level 2. HP: 20/23 MP: 5/5
   698 | D:1      | Reached XP level 3. HP: 28/28 MP: 6/6
  1003 | D:2      | Found a sparkling altar of Nemelex Xobeh.
  1622 | D:1      | Slain by a gnoll

Skill      XL: |  1  2 |
---------------+-------+-----
Dodging        | 2 |  2.0
Fighting       | |  1.1
Stealth        | |  0.2
Unarmed Combat | |  3.9
Spellcasting   | |  2.3
Transmutations | |  2.3

Action                   || total
-------------------------++-------
Melee: Unarmed           ||   104
       Tailslap          ||    11
       Kick              ||     6
       Headbutt          ||     3
       Punch             ||     1
 Cast: Beastly Appendage ||     9
 Stab: Sleeping          ||     2
  Eat: Chunk             ||     1
Armor: Skin              ||    39
Dodge: Dodged            ||    82
